 Dungeon Crawl Stone Soup version 0.28.0-45-g0d030f2227 (webtiles) character file.

Game seed: 13566776107801734234

89 pkoi the Firebug (level 4, 0/27 HPs)
             Began as an Octopode Fire Elementalist on Apr 21, 2022.
             Slain by an orc wizard
             ... wielding a +0 dagger
              (1 damage)
             ... on level 3 of the Dungeon.
             The game lasted 00:03:43 (3602 turns).

pkoi the Firebug (Octopode Fire Elementalist)       Turns: 3602, Time: 00:03:43

Health: 0/27       AC:  1    Str:  7    XL:     4   Next: 55%
Magic:  2/7        EV: 13    Int: 19    God:
Gold:   103        SH:  5    Dex: 12    Spells: 1/7 levels left

rFire   . . .      SeeInvis .   a - +0 dagger
rCold   . . .      Faith    .   (no shield)
rNeg    . . .      Spirit   .   (helmet restricted)
rPois   .          Reflect  +   c - amulet of reflection
rElec   .          Harm     .   (no ring)
rCorr   .          Rampage  .   (no ring)
Will    .....                   (no ring)
Stlth   +++.......              (no ring)
HPRegen 0.09/turn               (no ring)
MPRegen 0.10/turn               (no ring)
                                (no ring)
                                (no ring)

@: no status effects
A: almost no armour, amphibious, 8 rings, camouflage 1, gelatinous body 1,
(nimble swimmer 1), tentacles
a: no special abilities


You were on level 3 of the Dungeon.
You visited 1 branch of the dungeon, and saw 4 of its levels.

You collected 143 gold pieces.
You spent 40 gold pieces at shops.

Inventory:

Hand Weapons
 a - a +0 dagger (weapon)
Jewellery
 c - an amulet of reflection (around mantle)
Scrolls
 h - a scroll of identify
Potions
 d - 2 potions of attraction {unknown}
 e - a potion of curing
 f - a potion of flight
 g - a potion of mutation {unknown}


   Skills:
 - Level 2.0 Dodging
 - Level 2.6 Stealth
 + Level 2.0 Spellcasting
 + Level 3.0 Conjurations
 + Level 4.2 Fire Magic


You had one spell level left.
You knew the following spells:

 Your Spells              Type           Power      Damage    Failure   Level
a - Foxfire               Conj/Fire      60%        2x1d7     3%          1
b - Scorch                Fire           36%        2d6       4%          2
c - Conjure Flame         Conj/Fire      15%        6-21      12%         3

Your spell library contained the following spells:

 Spells                   Type           Power      Damage    Failure   Level
 Inner Flame              Hex/Fire       9%         N/A       22%         3
 Flame Wave               Conj/Fire      15%        2d6       36%         4


Dungeon Overview and Level Annotations

Branches:
Dungeon (4/15)
 Temple: D:4-7

Altars:

Shops:
D:2 !?[=!


Innate Abilities, Weirdness & Mutations

You cannot wear most types of armour.
You are amphibious.
You can wear up to eight rings at the same time.
Your skin changes colour to match your surroundings (Stealth+).
Your rubbery body absorbs attacks. (AC +1, EV +1)
((You are camouflaged when in or above water. (Stealth+)))
You have tentacles for arms and can constrict up to eight enemies at once.


Message History

Press: ? - help, Q - select action, (/) - cycle Dir - look around, f - activate You conjure some foxfire!
Something completely misses you.
Unknown command.
Casting: Foxfire (safe; 3% risk of failure)
Press: ? - help, Q - select action, (/) - cycle Dir - look around, f - activate You conjure some foxfire!
The foxfire hits the orc.
You kill the orc!
The foxfire hits something.
The foxfire hits the orc priest.
The orc priest is moderately wounded.
You hear some strange, mumbled words.
You are confused.
You're too confused to cast spells.
Unknown command.
The foxfire hits something.
Something hits you.
* * * LOW HITPOINT WARNING * * *
Things that are here:
a +0 hand axe of distortion; an orc corpse
There is a stone staircase leading up here.
You hear some strange, mumbled words.
A magic dart appears from out of thin air!
The magic dart hits you!
* * * LOW HITPOINT WARNING * * *
In your confused state, you trip and fall back down the stairs.
* * * LOW HITPOINT WARNING * * *
You feel less confused.
The orc priest casts a cantrip, but nothing happens.
Something hits you.
* * * LOW HITPOINT WARNING * * *
Unknown command.
Unknown command.
Unknown command.
Unknown command.
This is a scroll of acquirement!
Something appears before you!
The orc priest hits you with a +0 flail.
* * * LOW HITPOINT WARNING * * *
Something hits you.
You die...

# ## .. #. #.##. ..
#.### #.##. .. ...#
#.##.#.. ##.######
#.##.<#. #.......#
#.##.#.. #.......#
#.##....
#..o)...####.##.#.#
#.@{............>.#
#.......####.##.###
#.......# #.##.#
######.......#
#....
..........#### ####
#######...#####
#........ #.#.#####
#.#.#


You could see an orc priest.

Vanquished Creatures
  3 adders
  An adder skeleton (D:3)
  A worm (D:3)
  3 dart slugs
  An orc (D:3)
  3 ball pythons (D:1)
  5 endoplasms
  A giant cockroach (D:3)
  4 goblins (D:2)
  6 hobgoblins
  4 jackals
  3 kobolds (D:1)
  3 quokkas
  3 bats
  A frilled lizard (D:1)
  4 rats
46 creatures vanquished.

Vanquished Creatures (others)
  127 foxfires
127 creatures vanquished.

Grand Total: 173 creatures vanquished

Notes
Turn   | Place    | Note
-------+----------+-------------------------------------------
     0 | D:1      | pkoi the Octopode Fire Elementalist began the quest for the
                  | Orb.
     0 | D:1      | Reached XP level 1. HP: 11/11 MP: 3/3
    57 | D:1      | Found a faded altar of an unknown god.
   433 | D:1      | Reached XP level 2. HP: 17/17 MP: 3/5
  1286 | D:1      | Learned a level 2 spell: Scorch
  1899 | D:2      | Found Eboka's Armour Emporium.
  1912 | D:2      | Reached XP level 3. HP: 21/21 MP: 2/6
  1990 | D:2      | Found Eseingi's Magic Scroll Shoppe.
  2005 | D:2      | Found Toneg's Distillery.
  2180 | D:2      | Bought a potion of degeneration for 10 gold pieces
  2180 | D:2      | Bought a potion of curing for 30 gold pieces
  2417 | D:2      | Found Kuizumesm's Jewellery Shoppe.
  2635 | D:2      | Learned a level 3 spell: Conjure Flame
  2639 | D:2      | Found Hotoeh Koso's Distillery.
  2899 | D:3      | You fall into a shaft and drop 1 floor!
  2901 | D:4      | Noticed a phantom
  2934 | D:3      | Reached skill level 4 in Fire Magic
  2934 | D:3      | Reached XP level 4. HP: 27/27 MP: 2/7
  3602 | D:3      | Identified a scroll of acquirement
  3602 | D:3      | Acquired a staff of conjuration
  3602 | D:3      | HP: 1/27 [orc priest/+0 flail (2)]
  3602 | D:3      | Slain by an orc wizard

Illustrated notes

Levels and vault maps discovered:
D:1:      onia_arrival_mini_maze, layout_basic,
          dreamdust_ecumenical_altar_hidden_monk_grotto
D:2:      layout_loops_ring, serial_shops, shop, nicolae_shop_waterfront, shop,
          shop_fountains, nicolae_square_shop
D:3:      wander_river, layout_loops_ring, serial_undead, serial_undead_d,
          serial_undead_b, serial_undead_d, serial_undead_f,
          minmay_shallow_snake_nest
D:4:      layout_layer_cave, minmay_misc_feat_square, minmay_pentangle,
          uniq_pargi, uniq_natasha

Skill      XL: |  1  2  3  4 |
---------------+-------------+-----
Conjurations   | 2 3 |  3.0
Fire Magic     | 4 |  4.2
Dodging        | |  2.0
Stealth        | |  2.6
Spellcasting   | |  2.0

Action                   |  1- 3 |  4- 6 || total
-------------------------+-------+-------++-------
Melee: Dagger            |    17 |     9 ||    26
       Constrict         |     5 |     1 ||     6
       Tentacles         |     2 |     3 ||     5
 Cast: Foxfire           |    61 |    18 ||    79
       Scorch            |       |     2 ||     2
  Use: Scroll            |     4 |     1 ||     5
 Stab: Sleeping          |     4 |       ||     4
Dodge: Dodged            |    13 |     5 ||    18
Block: Other             |     5 |       ||     5
